 Dungeon Crawl Stone Soup version 0.21.1-1-g345015f (webtiles) character file.

32 toucherabbit the Skirmisher (level 3, -5/24 HPs)
             Began as a Gargoyle Abyssal Knight on Mar 15, 2018.
             Was a Follower of Lugonu.
             Slain by an ogre
             ... wielding a cursed -2 giant spiked club
              (26 damage)
             ... on level 4 of the Dungeon.
             The game lasted 00:01:35 (891 turns).

toucherabbit the Skirmisher (GrAK)                   Turns: 891, Time: 00:01:36

Health: -5/24      AC:  6    Str: 16    XL:     3   Next: 27%
Magic:  4/4        EV: 11    Int: 12    God:    Lugonu [*.....]
Gold:   69         SH:  0    Dex:  9    Spells: 2/2 levels left

rFire    . . .     SeeInvis +   a - +1 mace
rCold    . . .     Gourm    .   (no shield)
rNeg     + . .     Faith    .   b - +0 leather armour
rPois    ∞         Spirit   .   (no helmet)
rElec    +         Reflect  .   (no cloak)
rCorr    .         Harm     .   (no gloves)
MR       .....                  (no boots)
Stlth    +.........             (no amulet)
HPRegen  0.08/turn              f - ring of see invisible
MPRegen  0.09/turn              (no ring)

@: no status effects
A: negative energy resistance 1, electricity resistance, unbreathing,
petrification resistance, rot immunity, AC +3
a: Depart the Abyss, Renounce Religion


You were on level 4 of the Dungeon.
You worshipped Lugonu.
Lugonu was aware of your devotion.
You were not hungry.

You visited 1 branch of the dungeon, and saw 3 of its levels.
You visited the Abyss 1 time.

You collected 69 gold pieces.

Inventory:

Hand Weapons
 a - a +1 mace (weapon)
Armour
 b - a +0 leather armour (worn)
Jewellery
 f - a ring of see invisible (left hand)
Scrolls
 d - a scroll of identify {unknown}
 e - 2 scrolls of teleportation {unknown}
 g - a scroll of remove curse {unknown}
Potions
 h - a potion of curing {unknown}
Comestibles
 c - 4 rations


   Skills:
 + Level 4.0 Fighting
 + Level 2.5 Maces & Flails
 + Level 2.3 Armour
 + Level 1.1 Dodging
 + Level 2.0 Invocations


You had 2 spell levels left.
You didn't know any spells.

Dungeon Overview and Level Annotations

Branches:
Dungeon (2/15)

Altars:


Innate Abilities, Weirdness & Mutations

You are resistant to torment.
Your stone body is resilient. (AC +3)
You are immune to poison.
You resist negative energy. (rN+)
You are resistant to electric shocks. (rElec)
You can survive without breathing.
You are immune to petrification.
You are immune to rotting.


Message History

You closely miss the adder.
The adder is heavily wounded.
The adder bites you. The adder barely misses you.
You sock the adder!
You kill the adder!
Lugonu accepts your kill.
Your Dodging skill increases to level 1!
You have reached level 3!
Your experience leads to an increase in your attributes!
Increase (S)trength, (I)ntelligence, or (D)exterity?
You feel stronger.
Unknown command.
You fall through a shaft for 2 floors!
The shaft crumbles and collapses.
An ogre comes into view. It is wielding a giant spiked club.
You hit the ogre.
The ogre is lightly wounded.
The ogre hits you with a giant spiked club!!
Ouch! That really hurt!
You die...

# # #. .#
#..####.#####
#....O.......
#@# #.# #.#
#.# ... ###


You could see an ogre.

Vanquished Creatures
  An adder (D:2)
  A dart slug (D:1)
  A ball python (D:1)
  5 bats (D:1)
  A giant cockroach (D:1)
  A goblin (D:1)
  4 hobgoblins (D:1)
  5 kobolds (D:1)
  A frilled lizard (D:1)
20 creatures vanquished.

Notes
Turn   | Place    | Note
-------+----------+-------------------------------------------
     0 | Abyss:1  | toucherabbit the Gargoyle Abyssal Knight began the quest for the Orb.
     0 | Abyss:1  | Reached XP level 1. HP: 14/14 MP: 2/2
    50 | Abyss:1  | Noticed a water elemental
    52 | Abyss:1  | Noticed an orange demon
    53 | D:1      | Escaped the Abyss
   131 | D:1      | Reached XP level 2. HP: 14/20 MP: 3/3
   133 | D:1      | Reached * piety under Lugonu
   391 | D:1      | Reached skill level 4 in Fighting
   886 | D:2      | Reached skill level 1 in Dodging
   886 | D:2      | Reached XP level 3. HP: 20/24 MP: 4/4
   890 | D:2      | You fall through a shaft for 2 floors!
   890 | D:4      | Noticed an ogre
   891 | D:4      | Slain by an ogre

Skill      XL: |  1  2 |
---------------+-------+-----
Fighting       | 4 |  4.0
Dodging        | 1 |  1.1
Maces & Flails | |  2.5
Armour         | |  2.3
Invocations    | |  2.0

Action                   || total
-------------------------++-------
Melee: Mace              ||    82
Invok: Depart the Abyss  ||     1
Armor: Leather armour    ||    56
Dodge: Dodged            ||    74
